 Dungeon Crawl Stone Soup version 0.30.1-11-g7821555f0a (webtiles) character file.

Game seed: 1194590990073095337

1225 Ijustatesigmund the Magician (level 8, -4/44 HPs)
             Began as a Deep Elf Earth Elementalist on Dec 12, 2023.
             Was an Initiate of Vehumet.
             Killed from afar by an orc wizard (8 damage)
             ... with a magic dart
             ... on level 6 of the Dungeon.
             The game lasted 00:11:39 (6444 turns).

Ijustatesigmund the Magician (DEEE)                 Turns: 6444, Time: 00:11:40

Health: -4/44      AC:  5    Str: 11    XL:     8   Next: 23%
Magic:  20/20      EV: 12    Int: 23    God:    Vehumet [......]
Gold:   298        SH:  0    Dex: 15    Spells: 14/21 levels left

rFire   . . .        w - +2 war axe (vamp)
rCold   . . .        (no shield)
rNeg    . . .        a - +0 robe
rPois   .            h - +1 helmet
rElec   .            (no cloak)
rCorr   .            s - +0 pair of gloves
SInv    .            (no boots)
Will    .....        (no amulet)
Stlth   ++           r - +6 ring of strength
HPRegen 0.27/turn    (no ring)
MPRegen 0.17/turn

%: no passive effects
@: about to teleport
A: no striking features
a: Renounce Religion


You were on level 6 of the Dungeon.
You worshipped Vehumet.
Vehumet was noncommittal.
You visited 2 branches of the dungeon, and saw 7 of its levels.
You also visited: Sewer.

You collected 337 gold pieces.
You spent 39 gold pieces at shops.

Inventory:

Hand Weapons
 i - a +2 war axe of venom
 w - a +2 vampiric war axe (weapon)
Missiles
 f - a throwing net
Armour
 a - a +0 robe (worn)
 h - a +1 helmet (worn)
 k - a +0 kite shield
 s - a +0 pair of gloves (worn)
Jewellery
 r - a +6 ring of strength (left hand)
 v - a ring of ice
Wands
 c - a wand of mindburst (3)
 u - a wand of flame (26)
Scrolls
 j - 3 scrolls of poison
 l - a scroll of teleportation
 n - a scroll of amnesia
Potions
 b - 2 potions of magic
 d - 2 potions of flight
 e - 2 potions of attraction {unknown}
 g - 2 potions of cancellation {unknown}
 m - 2 potions of berserk rage
 o - 2 potions of mutation {unknown}
 p - 3 potions of heal wounds {unknown}
 q - 3 potions of curing
 t - a potion of invisibility {unknown}
 x - a potion of brilliance {unknown}


   Skills:
 - Level 2.1 Fighting
 - Level 2.4 Dodging
 - Level 2.4 Stealth
 + Level 7.0 Spellcasting
 - Level 6.0 Conjurations
 - Level 1.1 Transmutations
 + Level 2.1 Ice Magic
 - Level 5.7 Earth Magic
 - Level 3.1 Evocations


You had 14 spell levels left.
You knew the following spells:

 Your Spells              Type           Power      Damage    Failure   Level
a - Sandblast             Erth           68%        2d15      1%          1
b - Stone Arrow           Conj/Erth      70%        3d11      1%          3
c - Frozen Ramparts       Ice            34%        1d6       10%         3

Your spell library contained the following spells:

 Spells                   Type           Power      Damage    Failure   Level
 Passwall                 Tmut/Erth      19%        N/A       2%          2
 Freeze                   Ice            68%        1d8       3%          1
 Hailstorm                Conj/Ice       26%        3d7       4%          3
 Apportation              Tloc           16%        N/A       8%          1
 Necrotise                Necr           32%        1d5       8%          1
 Summon Small Mammal      Summ           32%        N/A       8%          1
 Petrify                  Tmut/Erth      23%        N/A       19%         4


Dungeon Overview and Level Annotations

Branches:
Dungeon (6/15)             Temple (1/1) D:5           Sewer (visited)

Altars:
Ashenzari
Cheibriados
Elyvilon
Gozag
Kikubaaqudgha
Makhleb
Okawaru
Qazlal
Ru
Sif Muna
Trog
Uskayaw
Vehumet
Wu Jian
Xom
Yredelemnul

Shops:
D:2 !   D:5 (

Annotations:
D:5 2 transporters, otna's ghost, novice MiFi


Message History

Vehumet accepts your kill.
The orc priest shouts!
The orc wizard casts a spell.
The orc wizard flickers and vanishes!
Deactivating autopickup; reactivate with Ctrl-A.
You hear two shouts!
Aiming: Mindburst
Press: ? - help, Shift-Dir - straight line, f - orc priest
Aim: an orc priest, wielding a +0 club and wearing a +0 scale mail (chance to affect: 77%)
The orc priest's mind is blasted!
The orc priest invokes the aid of Beogh against you.
Beogh smites you!
Aiming: Mindburst
Press: ? - help, Shift-Dir - straight line, f/p - orc priest
Aim: an orc priest, wielding a +0 club and wearing a +0 scale mail (almost dead, chance to affect: 77%)
The orc priest's mind is blasted!
You blow up the orc priest!
Vehumet accepts your kill.
Your Spellcasting skill increases to level 7!
Your Ice Magic skill increases to level 2!
A steam dragon comes into view.
The steam dragon hisses angrily.
A phantom comes into view.
You barely miss the orc. Something hits you but does no damage.
The orc misses you.
You barely miss something. You slash the orc!
You feel better.
You kill the orc!
Vehumet accepts your kill. The steam dragon breathes steam at you.
The ball of steam hits you!! Something completely misses you.
Something hits you but does no damage.
As you read the scroll of teleportation, it crumbles to dust.
You feel strangely unstable. Something hits you but does no damage.
Something barely misses you. The steam dragon breathes steam at you.
The ball of steam hits you!!
* * * LOW HITPOINT WARNING * * *
A magic dart appears from out of thin air!
The magic dart hits you!
You die...

.##..##..##.
......'..#....
......#..#....
.##########..# ###
+### .#
###..###.###...# .#
#.....§§).W..).. .#
#........{§).... .#
#.....§§§.D..... .#
#.......@§...... .#
########^.###.###..##
.###...####..###.###
.#
....................
.#
....................
#
#.####..###.########
#.####..###.#######
+....+...'.........
#....#...#.........


You could see a steam dragon (catching breath) and a phantom.

Vanquished Creatures
  A wyvern (D:6)
  Menkaure (D:4)
  An ice beast (D:4)
  An ogre (D:6)
  A bullfrog (D:6)
  A gnoll sergeant (D:5)
  A gnoll bouda (D:3)
  A jelly (D:6)
  4 orc priests
  3 hounds
  2 iguanas (D:5)
  An orc wizard (D:3)
  7 adders
  11 gnolls
  3 river rats (Sewer)
  A shadow imp (D:5)
  3 worms
  2 dart slugs
  18 orcs
  9 endoplasms
  2 giant cockroaches
  4 hobgoblins
  4 kobolds
  2 quokkas
  8 ball pythons
  3 bats
  6 frilled lizards (Sewer)
  3 goblins
  10 rats
114 creatures vanquished.

Notes
Turn   | Place    | Note
-------+----------+-------------------------------------------
     0 | D:1      | Ijustatesigmund the Deep Elf Earth Elementalist began the
                  | quest for the Orb.
     0 | D:1      | Reached XP level 1. HP: 10/10 MP: 6/6
   314 | D:1      | Reached XP level 2. HP: 16/16 MP: 6/8
  1048 | D:2      | Found Fuicubam's Distillery.
  1051 | D:2      | Reached skill level 1 in Fighting
  1051 | D:2      | Reached XP level 3. HP: 20/20 MP: 7/10
  1057 | D:2      | Learned a level 3 spell: Stone Arrow
  1087 | D:2      | Bought a potion of curing for 39 gold pieces
  1731 | D:2      | Reached skill level 1 in Conjurations
  2036 | D:3      | Reached skill level 4 in Spellcasting
  2036 | D:3      | Reached XP level 4. HP: 25/25 MP: 9/12
  2144 | D:3      | Reached XP level 5. HP: 28/30 MP: 5/13
  2207 | D:3      | Found a glowing drain.
  2218 | Sewer    | Entered a sewer
  3163 | D:3      | Found a faded altar of an unknown god.
  3567 | D:3      | Reached XP level 6. HP: 30/35 MP: 3/15
  3776 | D:4      | Reached skill level 5 in Spellcasting
  3953 | D:4      | Reached skill level 1 in Evocations
  3960 | D:4      | Found a broken altar of Ashenzari.
  4079 | D:4      | Noticed Menkaure
  4081 | D:4      | Killed Menkaure
  4082 | D:4      | Reached skill level 5 in Earth Magic
  4100 | D:4      | Reached XP level 7. HP: 34/40 MP: 9/17
  4314 | D:4      | Found a stormy altar of Qazlal.
  4740 | D:5      | Entered Level 5 of the Dungeon
  4745 | D:5      | Found a transporter.
  4749 | D:5      | Found a transporter.
  4750 | D:5      | Noticed otna's ghost (novice MiFi)
  4910 | D:5      | Reached skill level 5 in Conjurations
  5170 | D:5      | Found an iron altar of Okawaru.
  5272 | D:5      | Found Vuicsil's Antique Weapon Shoppe.
  5336 | D:5      | Found a staircase to the Ecumenical Temple.
  5372 | Temple   | Entered the Ecumenical Temple
  5419 | Temple   | Became a worshipper of Vehumet
  5458 | D:5      | Reached skill level 6 in Spellcasting
  6150 | D:6      | Noticed a wyvern
  6154 | D:6      | Killed a wyvern
  6155 | D:6      | Reached XP level 8. HP: 44/44 MP: 6/19
  6159 | D:6      | Learned a level 3 spell: Frozen Ramparts
  6322 | D:6      | Reached skill level 1 in Ice Magic
  6439 | D:6      | Reached skill level 7 in Spellcasting
  6444 | D:6      | Killed from afar by an orc wizard

Illustrated notes

Levels and vault maps discovered:
D:1:      dpeg_arrival_yet_another_circle, layout_loops_ring
D:2:      layout_loops_corners, serial_shops, nicolae_shop_stone
D:3:      layout_rooms, portal_sewer_entry_d,
          shapermc_ecumenical_altar_mp_urbaneastern
D:4:      layout_basic, mainiacjoe_overflow_concentric_impassable,
          evilmike_ruin_ashenzari, uniq_menkaure
D:5:      layout_layer_cave, okawaru_ov_weapons_minmay,
          minmay_temple_entry_glassed_door, gammafunk_ghost_hive, serial_shops,
          nicolae_shop_getting_attention, kennysheep_nondescript
D:6:      layout_gridville, minmay_misc_feat_cross
Temple:   cyrus_circular_temple

Skill      XL: |  1  2  3  4  5  6  7  8 |
---------------+-------------------------+-----
Fighting       | 1 2 |  2.1
Conjurations   | 1 2 3 4 6 |  6.0
Spellcasting   | 4 5 6 7 |  7.0
Earth Magic    | 4 5 |  5.7
Evocations     | 1 3 |  3.1
Ice Magic      | 2 |  2.1
Dodging        | |  2.4
Stealth        | |  2.4
Transmutations | |  1.1

Action                     |  1- 3 |  4- 6 |  7- 9 || total
---------------------------+-------+-------+-------++-------
  Melee: War axe           |       |     5 |     5 ||    10
   Cast: Sandblast         |    41 |    61 |    21 ||   123
         Stone Arrow       |       |    16 |    23 ||    39
  Evoke: Wand              |       |     4 |     6 ||    10
    Use: Scroll            |     6 |     3 |     3 ||    12
         Potion            |       |     1 |     1 ||     2
 Armour: Robe              |     5 |     5 |     6 ||    16
  Dodge: Dodged            |     8 |    37 |    15 ||    60
